AoeStats
← Dieguin

Arabia

507482978Analyzed
1v1 RM · 15d ago on Sep 18, 2026· 32m 30s· 2 players
Game mode
Random Map
Map size
Tiny (2 player)
Population
200
Speed
Normal
Resources
Standard
Victory
Conquest
Starting age
Dark Age
Ending age
Imperial Age
RankedLock teamsTeams togetherTeam positionsShared explorationLock speedFull tech treeHidden civsTurbo modeCheats
Victory
Defeat
🇩🇪 Cumans · Germany
769
+16
🇨🇴 Persians · Colombia
773
-16
a.bulle95
7:34 Loom
10:02 Feudal Age
15:03 Fletching
15:15 Padded Archer Armor
18:14 Scale Barding Armor
18:35 Bloodlines
24:13 Wheelbarrow
27:30 Castle Age
28:38 Forging
28:16 Light Cavalry
29:10 Bodkin Arrow
29:31 Leather Archer Armor
29:37 Chain Barding Armor
29:12 Crossbowman
29:49 Double-Bit Axe
Dieguin
8:28 Loom
11:37 Feudal Age
13:48 Double-Bit Axe
28:27 Scale Barding Armor
31:34 Castle Age
29:50 Horse Collar
30:55 Scale Barding Armor
Connection lost

Rejoining the realm…

Still unreachable

The connection could not be restored.

Session expired

The server has moved on; the page needs a fresh start.